 Dungeon Crawl Stone Soup version 0.20-a0-967-g62cfa5d (webtiles) character file.

13783 hittemvvvvvhard the Carver (level 11, -20/101 HPs)
             Began as a Minotaur Abyssal Knight on Apr 6, 2017.
             Was a Priest of Lugonu.
             Demolished by a polar bear (21 damage)
             ... on level 2 of the Lair of Beasts on Apr 7, 2017.
             The game lasted 00:52:02 (18463 turns).

hittemvvvvvhard the Carver (MiAK)                  Turns: 18463, Time: 00:52:03

Health: -20/101    AC:  9    Str: 20    XL:     11   Next: 80%
Magic:  17/17      EV: 11    Int:  9    God:    Lugonu [***...]
Gold:   603        SH:  9    Dex: 10    Spells: 10/10 levels left

rFire    . . .     SeeInvis .   a - +0 long sword (venom)
rCold    . . .     Gourm    .   R - +2 shield
rNeg     . . .     Faith    .   s - +0 ring mail
rPois    .         Spirit   .   I - +1 hat
rElec    .         Reflect  .   (no cloak)
rCorr    .         Harm     .   y - +0 pair of gloves (curse)
MR       .....                  (no boots)
Stlth    ..........             w - amulet of rage
Regen    0.3/turn               j - ring of loudness (curse)
MPRegen  0.2/turn               (no ring)

@: no status effects
A: retaliatory headbutt, horns 2
a: Depart the Abyss, Bend Space, Banish, Renounce Religion, Evoke Berserk Rage


You were on level 2 of the Lair of Beasts.
You worshipped Lugonu.
Lugonu was most pleased with you.
You were not hungry.

You visited 3 branches of the dungeon, and saw 13 of its levels.
You visited the Abyss 1 time.

You collected 603 gold pieces.

Inventory:

Hand Weapons
 a - a +0 long sword of venom (weapon)
 b - a +0 rapier
Missiles
 n - 13 tomahawks (quivered)
 D - 4 javelins
 L - a throwing net
Armour
 s - a +0 ring mail (worn)
 y - a cursed +0 pair of gloves (worn)
 I - a +1 hat (worn)
 J - a +0 plate armour
 R - a +2 shield (worn)
Jewellery
 j - a cursed ring of loudness (left hand)
 w - an amulet of rage (around neck)
Wands
 d - a wand of polymorph (8/24)
 o - a wand of paralysis (7/24)
 G - a wand of confusion (8/48)
 M - a wand of lightning (10/15)
 O - a wand of disintegration (14/24)
Scrolls
 e - 2 scrolls of magic mapping
 f - 3 scrolls of amnesia {unknown}
 k - a scroll of noise
 l - a scroll of immolation {unknown}
 m - 5 scrolls of remove curse
 p - a scroll of recharging
 u - a scroll of random uselessness {unknown}
 x - 2 scrolls of fear {unknown}
 z - a scroll of fog {unknown}
 A - 4 scrolls of teleportation
 C - a scroll of enchant armour {unknown}
 N - a scroll of enchant weapon {unknown}
 P - a scroll of blinking {unknown}
 Q - a scroll of vulnerability {unknown}
 S - a scroll of summoning {unknown}
Potions
 g - 2 potions of curing
 h - a potion of berserk rage {unknown}
 i - 2 potions of mutation {unknown}
 q - 3 potions of cancellation {unknown}
 r - 2 potions of lignification {unknown}
 v - 2 potions of heal wounds {unknown}
 B - 2 potions of magic
 E - a potion of haste {unknown}
 F - 2 potions of agility
 H - 3 potions of flight
 K - 2 potions of ambrosia {unknown}
Comestibles
 c - 10 bread rations
 t - a royal jelly
 T - a chunk of flesh


   Skills:
 + Level 10.3 Fighting
 + Level 11.6 Long Blades
 * Level 3.2 Throwing
 + Level 9.4 Armour
 + Level 7.3 Dodging
 + Level 9.6 Invocations
 - Level 2.5 Evocations


You had 10 spell levels left.
You didn't know any spells.

Dungeon Overview and Level Annotations

Branches:
Dungeon (10/15)            Temple (1/1) D:5            Lair (2/6) D:9
  Snake (0/4) Lair:2
  Swamp: Lair:2-4    Shoals: Lair:2-4       Orc: D:9-12

Altars:
Ashenzari
Cheibriados
Dithmenos
Elyvilon
Fedhas
Gozag
Hepliaklqana
Kikubaaqudgha
Makhleb
Nemelex Xobeh
Okawaru
Qazlal
Ru
Sif Muna
Trog
Uskayaw
Vehumet
Wu Jian
Xom
Yredelemnul
Zin
The Shining One

Annotations:
D:5 exclusion: downstairs
D:6 Sigmund
D:7 exclusions: downstairs and upstairs
D:10 1 runed door, Galewind's ghost, journeyman DECj
Abyss:1 Harold


Innate Abilities, Weirdness & Mutations

You reflexively headbutt those who attack you in melee.
You have a pair of horns on your head.


Message History

Okay, then.
Evoke which item? (* to show all) (? for menu, Esc to quit)
Aiming: Paralyse (will waste charges)
Press: ? - help, Shift-Dir - straight line, f - polar bear
Aim: a polar bear (almost dead, berserk, fast, unusually strong, poisoned, chance to defeat MR: 53%)
Okay, then.
Unknown command.
Unknown command.
Unknown command.
Okay, then.
Evoke which item? (* to show all) (? for menu, Esc to quit)
Aiming: Paralyse (will waste charges)
Press: ? - help, Shift-Dir - straight line, f - polar bear
Aim: a polar bear (almost dead, berserk, fast, unusually strong, poisoned, chance to defeat MR: 53%)
The polar bear resists with significant effort.
Evoking this partially-identified wand wasted a few charges.
The polar bear misses you.
The polar bear claws you but does no damage.
The polar bear barely misses you. The polar bear bites you!!
You die...

##...P# #..##P#...........<
#...### #............##..#≈
#...## #####.#..#......≈.≈≈≈≈
####...###...#.#####...P#.≈≈≈≈≈
#.#...P.#......## ###.P.≈≈≈..≈
#.........#.....# ##.P≈≈≈.≈.≈
####........PP.#.## #...≈≈≈.≈..
#.#..#.##........#######..≈≈...>.
.......#P...#..#@##.#.##..≈≈(.≈.P
.###.####.....###hFS.....)≈≈≈....
## #..# ###..#.###........≈≈≈≈...
##.## #.#### ##.......#.≈≈≈≈≈
###..P## ##..#####.#.##...#..≈≈≈≈
.......###....##P.#.####### #P#P.
#P#P....##.##..#..### ## P
####...P######....# # #.#<# ###
#...##


You could see a polar bear (berserk), a water moccasin and a bullfrog.

Vanquished Creatures
  A black mamba (Lair:2)
  2 komodo dragons
  2 spiny frogs (Lair:2)
  3 polar bears (Lair:2)
  Grinder (D:4)
  5 blink frogs
  5 hippogriffs
  9 yaks
  A wyvern (D:8)
  Eustachio (D:5)
  2 hungry ghosts
  Menkaure (D:5)
  A naga (Lair:2)
  3 water moccasins
  3 sky beasts
  3 porcupines (Lair:2)
  2 orc warriors
  6 black bears
  3 ice beasts
  4 ogres
  A phantom (D:8)
  4 centaurs
  2 crocodiles
  Blork the orc (D:5)
  5 big kobolds
  4 bullfrogs
  A wyvern skeleton (D:9)
  A scorpion (D:4)
  11 killer bees
  A howler monkey (D:4)
  4 crimson imps
  A bullfrog zombie (D:5)
  A centaur zombie (D:8)
  A jelly (D:7)
  A hound (D:8)
  2 orc priests
  A gnoll shaman (D:4)
  A bullfrog skeleton (D:7)
  A centaur skeleton (D:8)
  3 iguanas
  5 worker ants
  3 orc wizards
  A hound skeleton (D:7)
  2 worker ant zombies
  16 gnolls
  7 adders
  7 shadow imps
  An adder zombie (D:7)
  2 adder skeletons
  2 dart slugs (D:1)
  4 worms (D:3)
  10 leopard geckos
  20 orcs
  7 bats
  7 giant cockroaches
  4 goblins
  6 hobgoblins
  3 jackals (D:5)
  4 quokkas
  3 ball pythons
  4 frilled lizards
  31 kobolds
  2 rats (D:1)
256 creatures vanquished.

Vanquished Creatures (others)
  A hydra (Lair:1)
  A two-headed ogre (D:7)
  A black mamba (Lair:1)
  2 spiny frogs (Lair:1)
  A komodo dragon (Lair:1)
  A hornet (D:8)
  2 hippogriffs
  An orc warrior (D:8)
  2 killer bees (D:9)
  A giant cockroach (D:8)
  A quokka (D:8)
  A kobold (D:8)
  2 fungi (Lair:2)
  10 plants
27 creatures vanquished.

Grand Total: 283 creatures vanquished

Notes
Turn   | Place    | Note
-------+----------+-------------------------------------------
     0 | Abyss:1  | hittemvvvvvhard the Minotaur Abyssal Knight began the quest for the Orb.
     0 | Abyss:1  | Reached XP level 1. HP: 19/19 MP: 1/1
    16 | D:1      | Escaped the Abyss
   263 | D:1      | Reached XP level 2. HP: 27/27 MP: 2/2
   303 | D:1      | Reached skill level 3 in Long Blades
   782 | D:1      | Reached XP level 3. HP: 19/33 MP: 3/3
  1043 | D:1      | Reached ** piety under Lugonu
  1510 | D:2      | Reached XP level 4. HP: 41/41 MP: 5/5
  1904 | D:2      | Found a glowing silver altar of Zin.
  2006 | D:2      | Reached skill level 4 in Long Blades
  2986 | D:3      | Reached XP level 5. HP: 44/47 MP: 6/6
  3683 | D:4      | Reached skill level 5 in Long Blades
  3694 | D:4      | Noticed Grinder
  3698 | D:4      | Reached skill level 5 in Fighting
  3698 | D:4      | Reached XP level 6. HP: 17/56 MP: 7/7
  4306 | D:5      | Entered Level 5 of the Dungeon
  4311 | D:5      | Noticed a sky beast
  4341 | D:5      | Killed a sky beast
  4341 | D:5      | Reached skill level 6 in Long Blades
  4496 | D:5      | Noticed a sky beast
  4527 | D:5      | Killed a sky beast
  4527 | D:5      | Reached XP level 7. HP: 47/61 MP: 8/8
  4609 | D:5      | Found a sparkling altar of Nemelex Xobeh.
  4704 | D:5      | Found an ancient bone altar of Kikubaaqudgha.
  5016 | D:5      | Reached *** piety under Lugonu
  5099 | D:5      | Found a staircase to the Ecumenical Temple.
  5107 | Temple   | Entered the Ecumenical Temple
  5282 | D:5      | Reached skill level 7 in Long Blades
  5912 | D:6      | Noticed Eustachio
  5918 | D:6      | Noticed Menkaure
  5998 | D:5      | Killed Eustachio
  6128 | D:6      | Noticed Blork the orc
  6129 | D:6      | Noticed Sigmund
  6247 | D:4      | Found a sacrificial altar of Ru.
  6440 | D:4      | Killed Grinder
  6440 | D:4      | Reached skill level 1 in Evocations
  6440 | D:4      | Reached XP level 8. HP: 71/71 MP: 9/9
  6725 | D:5      | Killed Blork the orc
  6804 | D:5      | Killed Menkaure
  6804 | D:5      | Reached skill level 8 in Long Blades
  7195 | D:6      | Reached skill level 5 in Armour
  7416 | D:7      | Reached skill level 9 in Long Blades
  7714 | D:7      | Noticed a hippogriff
  7719 | D:7      | Killed a hippogriff
  7719 | D:7      | Reached XP level 9. HP: 79/79 MP: 11/11
  7910 | D:7      | Reached skill level 5 in Invocations
  8367 | D:7      | Reached **** piety under Lugonu
  8459 | D:7      | Found an ornate altar of the Wu Jian Council.
  9115 | D:8      | Noticed a two-headed ogre
  9311 | D:7      | Banished a two-headed ogre
  9463 | D:8      | Found a white marble altar of Elyvilon.
 10108 | D:8      | Reached XP level 10. HP: 76/90 MP: 12/14
 10204 | D:8      | Reached skill level 10 in Long Blades
 10539 | D:8      | Reached skill level 5 in Dodging
 11454 | D:9      | Found a shattered altar of Ashenzari.
 12737 | D:10     | Entered Level 10 of the Dungeon
 12751 | D:10     | Found a runed door.
 12773 | D:10     | Noticed Harold
 12777 | D:10     | Banished Harold
 12832 | D:10     | Noticed Galewind's ghost (journeyman DECj)
 12842 | D:9      | Found a staircase to the Lair.
 13266 | Lair:1   | Entered Level 1 of the Lair of Beasts
 13755 | Lair:1   | Noticed a spiny frog
 13756 | Lair:1   | Banished a spiny frog
 14052 | Lair:1   | Noticed a seven-headed hydra
 14059 | Lair:1   | Banished a seven-headed hydra
 14059 | Lair:1   | Reached XP level 11. HP: 97/97 MP: 16/16
 14576 | Lair:1   | Noticed an eight-headed hydra
 14579 | Lair:1   | Banished an eight-headed hydra
 14675 | Lair:1   | Reached skill level 11 in Long Blades
 15611 | Lair:2   | Upgraded the game from 0.20-a0-959-gdc9e609 to 0.20-a0-967-g62cfa5d
 15653 | Lair:2   | Found a staircase to the Snake Pit.
 16064 | Lair:2   | Reached skill level 10 in Fighting
 17168 | Lair:2   | Reached skill level 1 in Throwing
 18461 | Lair:2   | HP: 4/101 [polar bear (20)]
 18461 | Lair:2   | HP: 1/101 [polar bear (3)]
 18463 | Lair:2   | Demolished by a polar bear

Vault maps used:
D:1:      dpeg_arrival_radiant
D:2:      lemuel_coloured_pillars_altar
D:3:      first_bread
D:4:      nicolae_ru_sacrificial_ziggurat, uniq_grinder
D:5:      cheibrodos_iron_armory, kiku_gazebo_garden_becter,
          minmay_temple_entry_mist, nemelex_diamond_rough_becter
D:6:      minivault_5, uniq_menkaure, uniq_eustachio, uniq_blork_the_orc,
          uniq_sigmund
D:7:      kennysheep_little_box, grunt_ogre_cave, kennysheep_generic_room_15
D:8:      elyvilon_altar_4
D:9:      evilmike_ruin_ashenzari, david_lair_shrubbed
D:10:     lemuel_insect_pit, david_orc_2, grunt_ministairs_14, uniq_grum,
          uniq_harold
Temple:   nicolae_temple_elliptical
Lair:1:   enter_volcano_4, minivault_27
Lair:2:   beast_lair_carwin_large_1, guppyfry_snake_entry_island,
          wad_woods_road_03

Skill      XL: |  1  2  3  4  5  6  7  8  9 10 11 |
---------------+----------------------------------+-----
Invocations    | 2 3 4 6 8 9 |  9.6
Long Blades    | 3 4 5 6 7 9 10 11 | 11.6
Fighting       | 4 5 6 7 8 9 10 | 10.3
Armour         | 3 4 5 7 8 9 |  9.4
Dodging        | 2 3 4 6 7 |  7.3
Evocations     | 1 2 |  2.5
Throwing       | 3 |  3.2

Action                   |  1- 3 |  4- 6 |  7- 9 | 10-12 || total
-------------------------+-------+-------+-------+-------++-------
Melee: Falchion          |    66 |   209 |   180 |       ||   455
       Headbutt          |     8 |    33 |    85 |    92 ||   218
       Scimitar          |       |       |   228 |   211 ||   439
       Long sword        |       |       |       |   250 ||   250
Throw: Tomahawk          |       |       |       |    16 ||    16
Invok: Banish            |       |       |     3 |    13 ||    16
Evoke: Wand              |       |       |    17 |     1 ||    18
  Use: Scroll            |       |     4 |     3 |     6 ||    13
       Potion            |       |     1 |     2 |       ||     3
 Stab: Paralysed         |       |       |     8 |       ||     8
  Eat: Chunk             |     2 |     9 |    18 |    16 ||    45
       Meat ration       |       |       |     1 |     2 ||     3
       Royal jelly       |       |       |     1 |       ||     1
       Fruit             |       |       |     1 |     2 ||     3
       Bread ration      |       |       |       |     1 ||     1
Armor: Leather armour    |    14 |     2 |       |       ||    16
       Ring mail         |       |    71 |   146 |   164 ||   381
Dodge: Dodged            |    45 |    41 |    97 |   169 ||   352
Block: Large shield      |       |    80 |   239 |   244 ||   563
       Shield            |       |       |       |    18 ||    18
       Rpst.: Falchion   |     7 |    10 |    11 |       ||    28
       Scimitar          |       |       |    17 |    17 ||    34
       Long sword        |       |       |       |    21 ||    21
